ITL
AMARILLO ARCHDUKES @ CAPE COD CLAMS
05/08/2027
 
TOP OF THE 1ST
Amarillo Archdukes batting - Pitching for Cape Cod Clams : RHP Don Wiggins
Pitching: RHP Don Wiggins
Batting: RHB Norm Francis 0-0: Called Strike
0-1: Swinging Strike
0-2: Foul Ball, location: 2F
0-2: Foul Ball, location: 2F
0-2: Foul Ball, location: 2F
0-2: Ball
1-2: Strikes out looking
Batting: LHB Chris Pryor 0-0: Ball
1-0: Fly out, F7 (Flyball, 78M)
Batting: SHB Douglas Taylor 0-0: Called Strike
0-1: Foul Ball, location: 2F
0-2: Ball
1-2: Ball
2-2: SINGLE (Groundball, 15S) (infield hit)
Batting: LHB Michael Cook 0-0: Called Strike
0-1: Ball
1-1: Ball
2-1: Fly out, F5 (Popup, 5D)
Top of the 1st over - 0 run(s), 1 hit(s), 0 error(s), 1 left on base; Amarillo 0 - Cape Cod 0
BOTTOM OF THE 1ST
Cape Cod Clams batting - Pitching for Amarillo Archdukes : LHP Curt Montgomery
Pitching: LHP Curt Montgomery
Batting: RHB Manny Ramírez 0-0: Ball
1-0: Fly out, F7 (Flyball, 78M)
Batting: RHB Marcos Castillo 0-0: Foul Ball, location: 2F
0-1: SINGLE (Flyball, 8RS)
Batting: RHB Ramón Morales 0-0: Called Strike
0-1: Ball
1-1: Called Strike
1-2: Ball
2-2: Ball
3-2: Base on Balls
Marcos Castillo to second
Batting: RHB Danny Crouch 0-0: Called Strike
0-1: Called Strike
0-2: Ball
1-2: Grounds into double play, 6-4-3 (Groundball, 6)
Bottom of the 1st over - 0 run(s), 1 hit(s), 0 error(s), 1 left on base; Amarillo 0 - Cape Cod 0
TOP OF THE 2ND
Amarillo Archdukes batting - Pitching for Cape Cod Clams : RHP Don Wiggins
Batting: LHB Howard Lambert 0-0: Ball
1-0: Ground out 3-1 (Groundball, 34)
Batting: LHB Edwin Ryan 0-0: Swinging Strike
0-1: Swinging Strike
0-2: Strikes out looking
Batting: RHB Herb Bunch 0-0: Ground out U3 (Groundball, 3)
Top of the 2nd over - 0 run(s), 0 hit(s), 0 error(s), 0 left on base; Amarillo 0 - Cape Cod 0
BOTTOM OF THE 2ND
Cape Cod Clams batting - Pitching for Amarillo Archdukes : LHP Curt Montgomery
Batting: RHB Juan Marín 0-0: Ball
1-0: Ground out 5-3 (Groundball, 56S)
Batting: RHB Vern Carlton 0-0: Fly out, F8 (Flyball, 8RD)
Batting: LHB Tony O'Bryan 0-0: Called Strike
0-1: Foul Ball, location: 2F
0-2: Strikes out looking
Bottom of the 2nd over - 0 run(s), 0 hit(s), 0 error(s), 0 left on base; Amarillo 0 - Cape Cod 0
TOP OF THE 3RD
Amarillo Archdukes batting - Pitching for Cape Cod Clams : RHP Don Wiggins
Batting: RHB Paul Ladd 0-0: Foul Ball, location: 2F
0-1: Called Strike
0-2: Strikes out swinging
Batting: RHB José Ruíz 0-0: Foul Ball, location: 2F
0-1: Called Strike
0-2: Ball
1-2: Strikes out swinging
Batting: RHB Norm Francis 0-0: Foul Ball, location: 2F
0-1: Swinging Strike
0-2: Ball
1-2: Ball
2-2: Ground out 3-1 (Groundball, 34S)
Top of the 3rd over - 0 run(s), 0 hit(s), 0 error(s), 0 left on base; Amarillo 0 - Cape Cod 0
BOTTOM OF THE 3RD
Cape Cod Clams batting - Pitching for Amarillo Archdukes : LHP Curt Montgomery
Batting: RHB Yasuhiro Kobayashi 0-0: Ground out 3-1 (Groundball, 34D)
Batting: RHB Héctor Jiménez 0-0: Called Strike
0-1: Ball
1-1: Foul Ball, location: 2F
1-2: Ball
2-2: Foul Ball, location: 2F
2-2: Foul Ball, location: 2F
2-2: Ball
3-2: SINGLE (Groundball, 34D)
Batting: RHB Manny Ramírez 0-0: Ball
1-0: SINGLE (Groundball, 25) (infield hit)
Héctor Jiménez to second
Batting: RHB Marcos Castillo 0-0: Called Strike
0-1: Foul Ball, location: 2F
0-2: Ball
1-2: Ball
Balk!
Héctor Jiménez to third
Manny Ramírez to second
2-2: Foul Ball, location: 2F
2-2: DOUBLE (Line Drive, 7)
Héctor Jiménez scores
Manny Ramírez scores
Batting: RHB Ramón Morales 0-0: Called Strike
0-1: Ball
1-1: Ball
2-1: Foul Ball, location: 2F
2-2: Foul Ball, location: 2F
2-2: Strikes out looking
Batting: RHB Danny Crouch 0-0: Called Strike
0-1: Ball
1-1: Ball
2-1: Ball
3-1: Foul Ball, location: 2F
3-2: Strikes out looking
Bottom of the 3rd over - 2 run(s), 3 hit(s), 0 error(s), 1 left on base; Amarillo 0 - Cape Cod 2
TOP OF THE 4TH
Amarillo Archdukes batting - Pitching for Cape Cod Clams : RHP Don Wiggins
Batting: LHB Chris Pryor 0-0: SINGLE (Line Drive, 89S)
Batting: SHB Douglas Taylor 0-0: Called Strike
0-1: Ball
1-1: Foul Ball, location: 2F
1-2: Ball
2-2: Ball
3-2: Grounds into double play, 4-6-3 (Groundball, 4)
Batting: LHB Michael Cook 0-0: Ball
1-0: Ball
2-0: Called Strike
2-1: Foul Ball, location: 2F
2-2: Strikes out swinging
Top of the 4th over - 0 run(s), 1 hit(s), 0 error(s), 0 left on base; Amarillo 0 - Cape Cod 2
BOTTOM OF THE 4TH
Cape Cod Clams batting - Pitching for Amarillo Archdukes : LHP Curt Montgomery
Batting: RHB Juan Marín 0-0: Called Strike
0-1: Ball
1-1: Fly out, F9 (Flyball, 9)
Batting: RHB Vern Carlton 0-0: Ball
1-0: Called Strike
1-1: Called Strike
1-2: Ball
2-2: Ball
3-2: Foul Ball, location: 2F
3-2: Ground out 3-1 (Groundball, 34)
Batting: LHB Tony O'Bryan 0-0: Ball
1-0: Swinging Strike
1-1: Called Strike
1-2: Foul Ball, location: 2F
1-2: Ball
2-2: Strikes out swinging
Bottom of the 4th over - 0 run(s), 0 hit(s), 0 error(s), 0 left on base; Amarillo 0 - Cape Cod 2
TOP OF THE 5TH
Amarillo Archdukes batting - Pitching for Cape Cod Clams : RHP Don Wiggins
Batting: LHB Howard Lambert 0-0: Ground out U3 (Groundball, 34)
Batting: LHB Edwin Ryan 0-0: Ball
1-0: Foul Ball, location: 2F
1-1: Ball
2-1: Swinging Strike
2-2: Strikes out swinging, 2-3 out at first.
Batting: RHB Herb Bunch 0-0: Ball
1-0: Called Strike
1-1: Fly out, F3 (Popup, 34S)
Top of the 5th over - 0 run(s), 0 hit(s), 0 error(s), 0 left on base; Amarillo 0 - Cape Cod 2
BOTTOM OF THE 5TH
Cape Cod Clams batting - Pitching for Amarillo Archdukes : LHP Curt Montgomery
Batting: RHB Yasuhiro Kobayashi 0-0: Called Strike
0-1: Ground out 6-3 (Groundball, 6)
Batting: RHB Héctor Jiménez 0-0: Ball
1-0: Foul Ball, location: 2F
1-1: Called Strike
1-2: Ball
2-2: Ball
3-2: Hit by Pitch
Batting: RHB Manny Ramírez 0-0: Swinging Strike
0-1: Ball
1-1: Ground out 6-3 (Groundball, 6MD)
Héctor Jiménez to second
Batting: RHB Marcos Castillo 0-0: Foul Ball, location: 2F
0-1: Ball
1-1: Ground out 6-3 (Groundball, 6)
Bottom of the 5th over - 0 run(s), 0 hit(s), 0 error(s), 1 left on base; Amarillo 0 - Cape Cod 2
TOP OF THE 6TH
Amarillo Archdukes batting - Pitching for Cape Cod Clams : RHP Don Wiggins
Batting: RHB Paul Ladd 0-0: Called Strike
0-1: Foul Ball, location: 2F
0-2: Ground out 1-3 (Groundball, P)
Batting: RHB José Ruíz 0-0: Ball
1-0: Ball
2-0: Called Strike
2-1: Swinging Strike
2-2: Ball
3-2: Foul Ball, location: 2F
3-2: Foul Ball, location: 2F
3-2: Ground out 3-1 (Groundball, 34)
Batting: RHB Norm Francis 0-0: Called Strike
0-1: Ball
1-1: Ball
2-1: Ball
3-1: Swinging Strike
3-2: Strikes out swinging
Top of the 6th over - 0 run(s), 0 hit(s), 0 error(s), 0 left on base; Amarillo 0 - Cape Cod 2
BOTTOM OF THE 6TH
Cape Cod Clams batting - Pitching for Amarillo Archdukes : LHP Curt Montgomery
Batting: RHB Ramón Morales 0-0: Ball
1-0: Called Strike
1-1: Called Strike
1-2: Fly out, F7 (Flyball, 7S)
Batting: RHB Danny Crouch 0-0: Ball
1-0: Foul Ball, location: 2F
1-1: Swinging Strike
1-2: Ground out 5-3 (Groundball, 5)
Batting: RHB Juan Marín 0-0: Ball
1-0: Ball
2-0: Ball
3-0: Called Strike
3-1: Base on Balls
Pitching: RHP José Abacil
Batting: RHB Vern Carlton 0-0: Called Strike
0-1: Foul Ball, location: 2F
0-2: Strikes out looking
Bottom of the 6th over - 0 run(s), 0 hit(s), 0 error(s), 1 left on base; Amarillo 0 - Cape Cod 2
TOP OF THE 7TH
Amarillo Archdukes batting - Pitching for Cape Cod Clams : RHP Don Wiggins
Batting: LHB Chris Pryor 0-0: Foul Ball, location: 2F
0-1: Swinging Strike
0-2: Ball
1-2: Strikes out swinging
Batting: SHB Douglas Taylor 0-0: Ball
1-0: Foul Ball, location: 2F
1-1: Hit by Pitch
Batting: LHB Michael Cook 0-0: Ball
1-0: Called Strike
1-1: Called Strike
1-2: Ball
2-2: Ball
3-2: Foul Ball, location: 2F
3-2: Strikes out swinging
Batting: LHB Howard Lambert 0-0: Ball
Douglas Taylor steals 2nd base
1-0: Ball
2-0: Called Strike
2-1: Fly out, F8 (Flyball, 8RM)
Top of the 7th over - 0 run(s), 0 hit(s), 0 error(s), 1 left on base; Amarillo 0 - Cape Cod 2
BOTTOM OF THE 7TH
Cape Cod Clams batting - Pitching for Amarillo Archdukes : RHP José Abacil
Batting: LHB Tony O'Bryan 0-0: Swinging Strike
0-1: Ball
1-1: Ball
2-1: Foul Ball, location: 2F
2-2: Ball
3-2: Base on Balls
Batting: RHB Yasuhiro Kobayashi 0-0: Swinging Strike
0-1: Ball
1-1: Swinging Strike
1-2: Strikes out swinging
Batting: RHB Héctor Jiménez 0-0: Called Strike
0-1: Ball
1-1: Ball
2-1: Fly out, F4 (Line Drive, 4M)
Batting: RHB Manny Ramírez 0-0: 2-RUN HOME RUN (Flyball, 78XD), Distance : 422 ft
Batting: RHB Marcos Castillo 0-0: Ball
1-0: Ball
2-0: Ball
3-0: Base on Balls
Batting: RHB Ramón Morales 0-0: Ball
1-0: Fielders Choice at 2nd, 6-4 (Groundball, 6)
Bottom of the 7th over - 2 run(s), 1 hit(s), 0 error(s), 0 left on base; Amarillo 0 - Cape Cod 4
TOP OF THE 8TH
Amarillo Archdukes batting - Pitching for Cape Cod Clams : RHP Don Wiggins
Batting: LHB Edwin Ryan 0-0: Called Strike
0-1: Foul Ball, location: 2F
0-2: Ball
1-2: Ball
2-2: Ball
3-2: SINGLE (Groundball, 4MD)
Batting: RHB Herb Bunch 0-0: Foul Ball, location: 2F
0-1: Swinging Strike
0-2: Foul Ball, location: 2F
0-2: Strikes out swinging
Pitching: RHP Mario González
Batting: RHB Paul Ladd 0-0: Ball
1-0: Foul Ball, location: 2F
1-1: Fly out, F4 (Line Drive, 4M)
Batting: RHB José Ruíz 0-0: Swinging Strike
0-1: Swinging Strike
0-2: Strikes out swinging
Top of the 8th over - 0 run(s), 1 hit(s), 0 error(s), 1 left on base; Amarillo 0 - Cape Cod 4
BOTTOM OF THE 8TH
Cape Cod Clams batting - Pitching for Amarillo Archdukes : RHP José Abacil
Batting: RHB Danny Crouch 0-0: Ball
1-0: Ball
2-0: Called Strike
2-1: Foul Ball, location: 2F
2-2: Foul Ball, location: 2F
2-2: Foul Ball, location: 2F
2-2: Ball
3-2: Base on Balls
Batting: RHB Juan Marín 0-0: Ball
1-0: Ball
2-0: Called Strike
2-1: Ball
Danny Crouch steals 2nd base
3-1: Called Strike
3-2: Base on Balls
Batting: RHB Vern Carlton 0-0: Ball
1-0: Ball
2-0: Bunted foul
2-1: Bunted foul
2-2: Ball
3-2: Foul Ball, location: 2F
3-2: Foul Ball, location: 2F
3-2: Ground out 5-3 (Groundball, 5S)
Danny Crouch to third
Juan Marín to second
Batting: LHB Tony O'Bryan 0-0: Ball
1-0: Ball
2-0: Swinging Strike
2-1: Foul Ball, location: 2F
2-2: Foul Ball, location: 2F
Balk!
Danny Crouch scores
Juan Marín to third
2-2: Foul Ball, location: 2F
2-2: Foul Ball, location: 2F
2-2: Ball
3-2: Base on Balls
Pitching: LHP Glenn Dunn
Batting: RHB Yasuhiro Kobayashi 0-0: Ball
Tony O'Bryan is caught stealing 2nd base
1-0: Ground out 1-3 (Groundball, 15S)
Bottom of the 8th over - 1 run(s), 0 hit(s), 0 error(s), 1 left on base; Amarillo 0 - Cape Cod 5
TOP OF THE 9TH
Amarillo Archdukes batting - Pitching for Cape Cod Clams : RHP Mario González
Pitching: RHP Patrick Doyle
Batting: RHB Norm Francis 0-0: Called Strike
0-1: Ground out 6-3 (Groundball, 6)
Batting: LHB Chris Pryor 0-0: Called Strike
0-1: Ground out 3-1 (Groundball, 3D)
Batting: SHB Douglas Taylor 0-0: SINGLE (Groundball, 4S) (infield hit)
Batting: LHB Michael Cook 0-0: Foul Ball, location: 2F
0-1: Fielders Choice at 2nd, 4-6 (Groundball, 4)
Top of the 9th over - 0 run(s), 1 hit(s), 0 error(s), 0 left on base; Amarillo 0 - Cape Cod 5
Thursday, March 30th, 2017 - OOTP Baseball 17.12 Build 75